AoeStats
← YO HOKAGE

Arabia

510225377Analyzed
1v1 RM · 3d ago on Sep 30, 2026· 45m 54s· 2 players
Game mode
Random Map
Map size
Tiny (2 player)
Population
200
Speed
Normal
Resources
Standard
Victory
Conquest
Starting age
Dark Age
Ending age
Imperial Age
RankedLock teamsTeams togetherTeam positionsShared explorationLock speedFull tech treeHidden civsTurbo modeCheats
Victory
Defeat
🇨🇳 Koreans · China
1156
+17
🇵🇪 Italians · Peru
1181
-17
1642023628
6:33 Loom
9:10 Feudal Age
11:40 Double-Bit Axe
12:51 Horse Collar
21:32 Castle Age
20:22 Fletching
21:51 Forging
22:57 Bow Saw
22:50 Heavy Plow
24:22 Wheelbarrow
24:05 Gold Mining
24:38 Crossbowman
26:28 Bodkin Arrow
26:32 Pikeman
29:10 Scale Mail Armor
29:32 Squires
30:34 Stone Mining
31:56 Gold Shaft Mining
32:14 Thumb Ring
36:05 Hand Cart
38:32 Imperial Age
36:42 Ballistics
38:19 Stone Shaft Mining
40:12 Bracer
41:14 Chemistry
39:41 Arbalester
41:34 Two-Man Saw
43:21 Iron Casting
YO HOKAGE
6:26 Loom
9:01 Feudal Age
9:37 Double-Bit Axe
22:46 Castle Age
22:33 Gold Mining
22:51 Scale Barding Armor
22:57 Forging
24:06 Stone Mining
25:05 Bloodlines
28:16 Horse Collar
32:09 Iron Casting
38:24 Imperial Age
35:41 Town Watch
36:31 Wheelbarrow
37:24 Chain Barding Armor
38:08 Fletching
38:37 Bow Saw
38:39 Town Patrol
38:45 Padded Archer Armor
39:27 Conscription
40:08 Conscription
41:03 Chemistry
42:14 Plate Barding Armor
41:38 Cavalier
Connection lost

Rejoining the realm…

Still unreachable

The connection could not be restored.

Session expired

The server has moved on; the page needs a fresh start.